 Dungeon Sprint DCSS version 0.27-a0-1191-g601b473118 (webtiles) character file.

Game seed: 1532048859951739033

6986 Zeld the Warrior (level 10, -1/153 HPs)
             Began as a Minotaur Berserker on May 24, 2021.
             Was a High Priest of Trog.
             Slain by a demonic crawler (2 damage)
             ... in the Dungeon (Sprint I: "Red Sonja").
             The game lasted 00:02:51 (2809 turns).

Zeld the Warrior (Minotaur Berserker)               Turns: 2809, Time: 00:02:51

Health: -1/153     AC:  4    Str: 25    XL:     10   Next: 81%
Magic:  9/9        EV: 13    Int:  2    God:    Trog [*****.]
Gold:   692        SH:  0    Dex: 10    Spells: 9/9 levels left

rFire    . . .     SeeInvis .   k - +4 executioner's axe (flame)
rCold    . . .     Faith    .   (shield currently unavailable)
rNeg     . . .     Spirit   .   j - +0 chain mail
rPois    .         Reflect  .   (helmet restricted)
rElec    .         Harm     .   (no cloak)
rCorr    .         Rampage  .   (no gloves)
Will     .....     NoTele   +   (no boots)
Stlth    ..........             (no amulet)
HPRegen  0.35/turn              (no ring)
MPRegen  0.11/turn              (no ring)

@: berserking (expiring), very quick
A: horns 2, retaliatory headbutt, deformed body, deterioration 1, dopey 1, frail
1, screaming 1, no potion heal 1, subdued magic 1
a: Renounce Religion, Berserk, Trog's Hand, Brothers in Arms


You were in the Dungeon.
You worshipped Trog.
Trog was extremely pleased with you.
You visited 1 branch You collected 1056 gold pieces.
You spent 364 gold pieces at shops.

Inventory:

Hand Weapons
 k - a +4 executioner's axe of flaming (weapon)
Armour
 j - a +0 chain mail (worn)
Wands
 i - a wand of digging (2)
Scrolls
 h - a scroll of blinking
Potions
 b - a potion of might
 c - 6 potions of curing
 d - 3 potions of heal wounds
 e - a potion of haste
 f - 2 potions of magic
 g - a potion of berserk rage
 l - a potion of cancellation


   Skills:
 * Level 18.3 Fighting
 + Level 14.9 Axes
 - Level 2.4 Armour
 * Level 16.9 Dodging


You had 9 spell levels left.
You didn't know any spells.
Your spell library was empty.

Dungeon Overview and Level Annotations

Branches:
Dungeon (1/1)

Altars:
Cheibriados
Dithmenos
Elyvilon
Fedhas
Gozag
Hepliaklqana
Kikubaaqudgha
Makhleb
Nemelex Xobeh
Okawaru
Qazlal
Ru
Sif Muna
Trog
Uskayaw
Vehumet
Wu Jian
Xom
Yredelemnul
Zin
The Shining One
Jiyva
Lugonu

Shops:
D !?[:![[


Innate Abilities, Weirdness & Mutations

You have a pair of horns on your head.
You reflexively headbutt those who attack you in melee.
Armour fits poorly on your strangely shaped body.
Your body sometimes deteriorates upon taking damage.
You are dopey. (Int -2)
You are frail. (-10% HP)
You occasionally shout uncontrollably at your foes.
Potions are less effective at restoring your health.
Your spells are a little easier to cast, but a little less powerful.


Message History

Unknown command.
You are too injured to fight recklessly!
You are too injured to fight recklessly!
Unknown command.
You are too injured to fight recklessly!
You barely miss the demonic crawler.
The demonic crawler is almost dead.
You slice the demonic crawler!! You burn the demonic crawler.
The demonic crawler closely misses you. The demonic crawler hits you!
The demonic crawler closely misses you.
Unknown command.
You hit the demonic crawler. You burn the demonic crawler.
You headbutt the demonic crawler, but do no damage.
The demonic crawler is almost dead.
You slice the demonic crawler!! You burn the demonic crawler.
The demonic crawler misses you. The demonic crawler hits you!
* * * LOW HITPOINT WARNING * * *
The demonic crawler hits you!
* * * LOW HITPOINT WARNING * * *
The demonic crawler barely misses you. The demonic crawler hits you!
* * * LOW HITPOINT WARNING * * *
The demonic crawler hits you!
* * * LOW HITPOINT WARNING * * *
You slice the demonic crawler!!
You kill the demonic crawler!
Trog accepts your kill.
You slice the demonic crawler!! You burn the demonic crawler.
You kill the demonic crawler!
Trog accepts your kill. Something appears at your feet!
You see here a +3 rapier.
Trog grants you a weapon!
The demonic crawler completely misses you.
The demonic crawler hits you!
* * * LOW HITPOINT WARNING * * *
The demonic crawler hits you.
* * * LOW HITPOINT WARNING * * *
You hit the demonic crawler. You headbutt the demonic crawler.
The demonic crawler is lightly wounded.
The demonic crawler misses you. The demonic crawler hits you.
You die...

#####################
..#__#..).....§§§§..+
..'..'..#...##+#§####
#'#__####...+.§#§#
#.#### #####.§s@# #.#
#+#### _.+ ._#
#'##+### #[#.(.(###
####'###[##
.'.....'.∩#
.##########


You could see a demonic crawler.

Vanquished Creatures
  Sonja (D)
  A deep troll (D)
  A lindwurm (D)
  8 shining eyes (D)
  2 kobold demonologists (D)
  3 demonic crawlers (D)
  A slime creature (D)
  Sigmund (D)
  A yak (D)
  5 floating eyes (D)
  An ogre (D)
  A jelly (D)
  Ijyb (D)
27 creatures vanquished.

Vanquished Creatures (others)
  A gargoyle (D)
  2 ballistomycete spores (D)
3 creatures vanquished.

Grand Total: 30 creatures vanquished

Notes
Turn   | Place    | Note
-------+----------+-------------------------------------------
     0 | D        | Zeld the Minotaur Berserker began the quest for the Orb.
     0 | D        | Reached XP level 1. HP: 19/19 MP: 0/0
     3 | D        | Noticed Ijyb
     9 | D        | Killed Ijyb
    10 | D        | Reached XP level 2. HP: 26/26 MP: 1/1
   144 | D        | Noticed an ogre
   147 | D        | Killed an ogre
   148 | D        | Reached XP level 3. HP: 31/31 MP: 2/2
   148 | D        | Reached XP level 4. HP: 39/39 MP: 3/3
   275 | D        | Noticed Sigmund
   280 | D        | Killed Sigmund
   280 | D        | Reached ** piety under Trog
   281 | D        | Reached skill level 4 in Fighting
   281 | D        | Reached XP level 5. HP: 47/47 MP: 4/4
   281 | D        | Reached XP level 6. HP: 53/53 MP: 5/5
   553 | D        | Found an ornate altar of the Wu Jian Council.
   553 | D        | Found a shimmering blue altar of Sif Muna.
   555 | D        | Found a radiant altar of Vehumet.
   558 | D        | Reached skill level 5 in Fighting
   583 | D        | Noticed Sonja
   597 | D        | Killed Sonja
   597 | D        | Reached *** piety under Trog
   598 | D        | Reached skill level 10 in Fighting
   598 | D        | Reached XP level 7. HP: 70/73 MP: 6/6
   820 | D        | Found Qootoc's Distillery.
   828 | D        | Bought a potion of heal wounds for 70 gold pieces
   828 | D        | Bought a potion of curing for 42 gold pieces
   828 | D        | Bought a potion of might for 56 gold pieces
   828 | D        | Bought a potion of curing for 42 gold pieces
   828 | D        | Bought a potion of curing for 42 gold pieces
   828 | D        | Bought a potion of heal wounds for 70 gold pieces
   828 | D        | Bought a potion of lignification for 42 gold pieces
   835 | D        | Noticed a shining eye
   835 | D        | Noticed a shining eye
   835 | D        | Noticed a shining eye
   835 | D        | Noticed a shining eye
   835 | D        | Noticed a shining eye
   835 | D        | Noticed a shining eye
   836 | D        | Paralysed by a floating eye for 2 turns
   837 | D        | Gained mutation: Potions are less effective at restoring
                  | your health. [a shining eye]
   838 | D        | Gained mutation: Your body sometimes deteriorates upon
                  | taking damage. [a shining eye]
   838 | D        | Gained mutation: You are frail. (-10% HP) [a shining eye]
   840 | D        | Paralysed by a floating eye for 2 turns
   840 | D        | Gained mutation: You are dopey. (Int -2) [a shining eye]
   847 | D        | Reached skill level 11 in Fighting
   847 | D        | Reached skill level 10 in Dodging
   847 | D        | Killed a shining eye
   848 | D        | Reached skill level 12 in Fighting
   848 | D        | Reached XP level 8. HP: 76/76 MP: 7/7
   851 | D        | Reached **** piety under Trog
   853 | D        | Killed a shining eye
   854 | D        | Reached skill level 13 in Fighting
   857 | D        | Gained mutation: Armour fits poorly on your strangely
                  | shaped body. [a shining eye]
   858 | D        | Killed a shining eye
   859 | D        | Reached skill level 14 in Fighting
   859 | D        | Reached XP level 9. HP: 86/86 MP: 8/8
   860 | D        | Killed a shining eye
   861 | D        | Reached skill level 15 in Fighting
   864 | D        | Killed a shining eye
   867 | D        | Killed a shining eye
   868 | D        | Reached skill level 16 in Fighting
  1239 | D        | Noticed a shining eye
  1239 | D        | Noticed a shining eye
  1241 | D        | Gained mutation: You occasionally shout uncontrollably at
                  | your foes. [a shining eye]
  1243 | D        | Gained mutation: Your spells are a little easier to cast,
                  | but a little less powerful. [a shining eye]
  1256 | D        | Killed a shining eye
  1256 | D        | Reached ***** piety under Trog
  1257 | D        | Reached skill level 15 in Dodging
  1260 | D        | Killed a shining eye
  1261 | D        | Reached XP level 10. HP: 97/97 MP: 9/9
  1524 | D        | Found Zaotroni's Magic Scroll Shoppe.
  1524 | D        | Found Ruamecw's Distillery.
  1524 | D        | Found Xadeto's Armour Emporium.
  1524 | D        | Found Muemeasy's Antique Armour Boutique.
  1559 | D        | Found Kevyimap's Book Emporium.
  1559 | D        | Found an ancient bone altar of Kikubaaqudgha.
  1559 | D        | Found a hazy altar of Hepliaklqana.
  1559 | D        | Found a stormy altar of Qazlal.
  1559 | D        | Found a hide-covered altar of Uskayaw.
  1559 | D        | Found a blossoming altar of Fedhas.
  1559 | D        | Found a bloodstained altar of Trog.
  1559 | D        | Found an iron altar of Okawaru.
  1559 | D        | Found a basalt altar of Yredelemnul.
  1559 | D        | Found a glowing golden altar of the Shining One.
  1559 | D        | Found a snail-covered altar of Cheibriados.
  1559 | D        | Found a sacrificial altar of Ru.
  1559 | D        | Found a glowing silver altar of Zin.
  1559 | D        | Found a shadowy altar of Dithmenos.
  1559 | D        | Found a white marble altar of Elyvilon.
  1564 | D        | Received a gift from Trog
  1565 | D        | Reached skill level 17 in Fighting
  1565 | D        | Found an opulent altar of Gozag.
  1566 | D        | Found a sparkling altar of Nemelex Xobeh.
  1669 | D        | Killed a gargoyle
  1739 | D        | Found a burning altar of Makhleb.
  1739 | D        | Found a viscous altar of Jiyva.
  1739 | D        | Found a shimmering altar of Xom.
  1739 | D        | Found a corrupted altar of Lugonu.
  2420 | D        | Noticed a deep troll
  2424 | D        | Killed a deep troll
  2514 | D        | Found Lelut's Armour Emporium.
  2572 | D        | Noticed a lindwurm
  2578 | D        | Killed a lindwurm
  2579 | D        | Reached skill level 18 in Fighting
  2808 | D        | Received a gift from Trog
  2808 | D        | HP: 7/150 [demonic crawler (9)]
  2808 | D        | HP: 1/150 [demonic crawler (6)]
  2809 | D        | Slain by a demonic crawler

Illustrated notes

Levels and vault maps discovered:
D:        dungeon_sprint_1 [red_sonja_temple_1, red_sonja_temple_small_1]

Skill      XL: |  1  2  3  4  5  6  7  8  9 10 |
---------------+-------------------------------+-----
Axes           | 7 11 14 | 14.9
Fighting       | 4 10 12 14 16 18 | 18.3
Dodging        | 3 9 11 13 15 16 | 16.9
Armour         | |  2.4

Action                   |  1- 3 |  4- 6 |  7- 9 | 10-12 || total
-------------------------+-------+-------+-------+-------++-------
Melee: Hand axe          |     7 |    15 |    33 |     5 ||    60
       Headbutt          |     4 |     2 |    10 |    11 ||    27
       Executioner's axe |       |       |       |    18 ||    18
Invok: Berserk           |     2 |     2 |     2 |     7 ||    13
Evoke: Wand              |     1 |       |       |     1 ||     2
  Use: Scroll            |       |       |       |     1 ||     1
Armor: Animal skin       |     1 |       |       |       ||     1
       Chain mail        |       |     3 |       |     2 ||     5
Dodge: Dodged            |     2 |     4 |       |    18 ||    24

Table legend: (Time is in decaauts)
 A = Elapsed time spent in this place.
 B = Non-inter-level travel time spent in this place.
 C = Inter-level travel time spent in this place.
 D = Time resting spent in this place.
 E = Time spent auto-exploring this place.
 F = Levels seen in this place.
 G = Mean time per level.
                   A        B        C        D        E       F      G
               +--------+--------+--------+--------+--------+-----+--------+
         Total |   2897 |   2883 |     14 |   2484 |      0 |   1 | 2897.0 |
       Dungeon |   2897 |   2883 |     14 |   2484 |      0 |   1 | 2897.0 |
               +--------+--------+--------+--------+--------+-----+--------+

Top non-repeatable levels by time:
       D: 2897 daAuts
